[Event "Titled Tuesday Blitz July 25 Early 2023"]
[White "Taboas Rodriguez, Daniel"]
[Black "Grigoriants, Sergey"]
[WhiteFideId "2208466"]
[BlackFideId "4130804"]
[WhiteElo "2482"]
[BlackElo "2906"]
[Result "1-0"]
[Round "3"]
[TimeControl "180+2"]
[Date "2023.07.25"]
[WhiteClock "0:00:42"]
[BlackClock "0:00:01"]
[Board "77"]

1. d4 d5 2. Nf3 Nf6 3. c3 Bf5 4. Bg5 Nbd7 5. e3 e6 6. Nh4 h6 7. Bxf6 Nxf6 8. Nxf5 exf5 9. Bd3 g6 10. Qb3 Rb8 11. O-O c6 12. c4 Bd6 13. Nc3 dxc4 14. Bxc4 O-O 15. h3 Kg7 16. Rae1 b5 17. Be2 Re8 18. Bf3 Qd7 19. Rc1 Rbc8 20. d5 cxd5 21. Qxb5 Qxb5 22. Nxb5 Be5 23. b3 a6 24. Na7 Rxc1 25. Rxc1 Ne4 26. Bxe4 dxe4 27. Nc6 Bf6 28. Nb4 a5 29. Nd5 Be5 30. g3 h5 31. h4 Rd8 32. Rc5 Ra8 33. Nb6 Re8 34. Rxa5 Bc7 35. Ra8 Re6 36. Nc4 Rc6 37. a4 f6 38. a5 g5 39. a6 gxh4 40. gxh4 f4 41. a7 Ra6 42. b4 fxe3 43. fxe3 Ra2 44. b5 f5 45. b6 Bh2+ 46. Kf1 1-0


[Site "https://www.chess.com"]

[Event "Titled Tuesday Blitz July 25 Early 2023"]
[White "Koutlas, Nikolaos"]
[Black "Gholami Orimi, Mahdi"]
[WhiteFideId "25827138"]
[BlackFideId "12558486"]
[WhiteElo "2481"]
[BlackElo "2898"]
[Result "0-1"]
[Round "3"]
[TimeControl "180+2"]
[Date "2023.07.25"]
[WhiteClock "0:00:04"]
[BlackClock "0:00:22"]
[Board "78"]

1. Nf3 Nf6 2. g3 b5 3. Bg2 Bb7 4. O-O e6 5. a4 b4 6. a5 c5 7. d4 Na6 8. c3 cxd4 9. cxd4 Be7 10. Nbd2 O-O 11. Re1 d5 12. Ne5 Rc8 13. Nb3 Nd7 14. Nd3 Bc6 15. Bf4 Bb5 16. e4 dxe4 17. Bxe4 Nf6 18. Bf3 Bc6 19. Ne5 Bxf3 20. Qxf3 Qd5 21. Rac1 Qxf3 22. Nxf3 Nd5 23. Be3 f6 24. Kf1 Kf7 25. Ke2 g5 26. h3 h5 27. Kd3 Nb8 28. Rxc8 Rxc8 29. Rc1 Rxc1 30. Bxc1 a6 31. Kc4 Nc6 32. Ne1 Bd8 33. Nd3 Nxa5+ 34. Nxa5 Bxa5 35. Nc5 Nc7 36. Bd2 Bb6 37. Bxb4 g4 38. h4 Ke8 39. Nd3 Nd5 40. Bc5 Ba5 41. b4 Bc7 42. Ne1 f5 43. Ng2 Kd7 44. Ne3 Nxe3+ 45. fxe3 Bxg3 46. b5 axb5+ 47. Kxb5 Bxh4 48. Kb6 Bf2 49. e4 fxe4 50. Kb7 g3 51. d5 Bxc5 52. dxe6+ Kxe6 0-1


[Site "https://www.chess.com"]

[Event "Titled Tuesday Blitz July 25 Early 2023"]
[White "Onufrienko, Vladislav"]
[Black "Molina, Roberto Junio Brito"]
[WhiteFideId "13804332"]
[BlackFideId "2109450"]
[WhiteElo "2478"]
[BlackElo "2885"]
[Result "1/2-1/2"]
[Round "3"]
[TimeControl "180+2"]
[Date "2023.07.25"]
[WhiteClock "0:00:07"]
[BlackClock "0:00:21"]
[Board "79"]

1. e4 c6 2. d4 d5 3. e5 Bf5 4. Nf3 e6 5. Be2 Nd7 6. O-O Bg6 7. Be3 Ne7 8. Nbd2 Nf5 9. c4 dxc4 10. Nxc4 Be7 11. Bd3 O-O 12. Rc1 Nb6 13. Na5 Nxe3 14. fxe3 Nd5 15. Bxg6 hxg6 16. Nxb7 Qb6 17. Qb3 Qxb3 18. axb3 Nxe3 19. Rf2 Rfc8 20. Re2 Nd5 21. Rec2 Nb4 22. Rc4 a5 23. Ne1 Rcb8 24. Nc5 Bxc5 25. Rxc5 a4 26. bxa4 Rxa4 27. b3 Ra3 28. R1c3 Nd5 29. Rf3 Ne7 30. Rcc3 Ra1 31. Kf2 Rd8 32. Rfd3 Ra6 33. Rd2 Rb6 34. Rcd3 Rdb8 35. Rb2 Rd8 36. Nf3 Rb4 37. Rbd2 Rdb8 38. Rb2 Nd5 39. Rdd2 Rxb3 40. Rxb3 Rxb3 41. Rc2 Rb6 42. Ng5 Kf8 43. Ne4 Ke7 44. Nd6 Ra6 45. Nc8+ Kd7 46. Nd6 f6 47. Ne4 Rb6 48. Nc5+ Ke7 49. Ne4 fxe5 50. dxe5 Nb4 51. Rc4 Nd3+ 52. Ke3 Nxe5 53. Rc5 Nd7 54. Rg5 Rb3+ 55. Kf4 e5+ 56. Kg4 Rb4 57. Kf3 Rb3+ 58. Ke2 Nf6 59. Nc5 Kf7 60. Nxb3 Ne4 61. Rg4 Nc3+ 62. Kd3 Nd5 63. Ra4 Ke6 64. Ra8 Nf4+ 65. Ke4 Nxg2 66. Re8+ Kf6 67. Rxe5 Nh4 68. Ra5 Nf5 69. Nd4 Nd6+ 70. Kd3 Nf7 71. Ra6 Kg5 72. Rxc6 Ne5+ 73. Ke4 Nxc6 74. Nxc6 Kg4 75. Ne5+ Kh3 76. Nxg6 Kxh2 77. Kf5 Kh3 78. Ke6 Kg4 79. Kf7 Kg5 80. Kxg7 1/2-1/2


[Site "https://www.chess.com"]

[Event "Titled Tuesday Blitz July 25 Early 2023"]
[White "Moroni, Luca Jr"]
[Black "Spichkin, Alexander"]
[WhiteFideId "865834"]
[BlackFideId "4144074"]
[WhiteElo "2855"]
[BlackElo "2476"]
[Result "1-0"]
[Round "3"]
[TimeControl "180+2"]
[Date "2023.07.25"]
[WhiteClock "0:01:30"]
[BlackClock "0:01:23"]
[Board "80"]

1. e4 e5 2. Nf3 d5 3. d4 dxe4 4. Nxe5 Bd6 5. Nc3 Bxe5 6. dxe5 Qxd1+ 7. Kxd1 Bf5 8. Bf4 Nc6 9. Kc1 Nge7 10. Bb5 O-O-O 11. Re1 Ng6 12. Bg3 Ncxe5 13. Nxe4 c6 14. Bf1 Rhe8 15. b3 Ng4 16. Nd6+ Rxd6 17. Rxe8+ Kd7 18. Bxd6 Kxe8 19. Bg3 Nf6 20. Kb2 Ne4 21. Re1 Kd7 22. f3 Nxg3 23. hxg3 Be6 24. Bd3 Ne7 25. g4 g6 26. Rh1 Nd5 27. Rxh7 Nf4 28. g3 Nxd3+ 29. cxd3 Kd6 30. Kc3 Bd5 31. f4 Ke6 32. Rh8 b5 33. Ra8 Bf3 34. g5 Kf5 35. Rxa7 Bd5 36. a4 bxa4 37. bxa4 Kg4 38. a5 Kxg3 39. a6 Kxf4 40. Rxf7+ Bxf7 41. a7 Kxg5 42. a8=Q Bd5 43. Qd8+ Kf5 44. Kd2 g5 45. Ke3 Kg4 46. Kf2 Kf4 47. Qf6+ Kg4 48. Qd4+ Kh3 49. Qe3+ Kg4 50. d4 Kh4 51. Qg3+ Kh5 52. Ke3 Kg6 53. Kd2 Kf5 54. Kc3 g4 55. Kb4 Bf3 56. Kc5 Ke4 57. Qe5+ Kd3 58. Kd6 Kc4 59. Ke7 Kd3 60. Kf6 Kc4 61. Kg5 Kd3 62. Kf4 Kc4 63. Qc5+ Kd3 64. Qb4 Ke2 65. Qc3 Kf2 66. Qd2+ Kf1 67. Kg3 Be2 68. Qc1+ 1-0


[Site "https://www.chess.com"]

[Event "Titled Tuesday Blitz July 25 Early 2023"]
[White "UNSTOPPABLE_LEGEND"]
[Black "Sychev, Klementy"]
[BlackFideId "4114060"]
[WhiteElo "2472"]
[BlackElo "2833"]
[Result "0-1"]
[Round "3"]
[TimeControl "180+2"]
[Date "2023.07.25"]
[WhiteClock "0:02:15"]
[BlackClock "0:01:51"]
[Board "81"]

1. Nf3 Nf6 2. b3 d5 3. Bb2 Bf5 4. e3 e6 5. c4 h6 6. Nc3 c6 7. Be2 Nbd7 8. O-O Bd6 9. Rc1 O-O 10. d3 Rc8 11. e4 Bh7 12. cxd5 exd5 13. exd5 Nxd5 14. Nxd5 cxd5 15. Qd2 Re8 16. Nd4 a6 17. Bf3 Rxc1 18. Rxc1 Ne5 19. Bxd5 Nxd3 20. Rd1 Bb4 0-1


[Site "https://www.chess.com"]

[Event "Titled Tuesday Blitz July 25 Early 2023"]
[White "Tifferet, Shaked"]
[Black "Kaasen, Tor Fredrik"]
[WhiteFideId "2811529"]
[BlackFideId "1516647"]
[WhiteElo "2470"]
[BlackElo "2824"]
[Result "0-1"]
[Round "3"]
[TimeControl "180+2"]
[Date "2023.07.25"]
[WhiteClock "0:00:04"]
[BlackClock "0:00:17"]
[Board "82"]

1. d4 Nf6 2. Nf3 g6 3. Bf4 Bg7 4. Nbd2 O-O 5. e4 d5 6. e5 Ne4 7. Be2 c5 8. c3 Nc6 9. O-O Bg4 10. h3 Bxf3 11. Nxf3 Qb6 12. Qb3 Qxb3 13. axb3 cxd4 14. cxd4 Rfc8 15. Rfc1 a6 16. Be3 Nb4 17. Ne1 f6 18. f3 Ng3 19. Kf2 Nxe2 20. Kxe2 fxe5 21. Nd3 Nc2 22. Ra5 exd4 23. Bd2 e6 24. b4 Ne3 25. Bxe3 dxe3 26. Rxc8+ Rxc8 27. Kxe3 Rc2 28. b5 axb5 29. Rxb5 Rxg2 30. Rxb7 e5 31. Rb8+ Kf7 32. Rb7+ Kf8 33. Nc5 Bh6+ 34. Kd3 Rf2 35. Nd7+ Ke7 36. Nxe5+ Ke6 37. Nc6 Rxf3+ 38. Ke2 Re3+ 39. Kf2 Rxh3 40. Nd4+ Kd6 41. Nf3 Bf4 42. b4 g5 43. Kg2 g4 44. Nd4 Rh2+ 45. Kf1 Rd2 46. Nf5+ Ke5 47. Ng7 g3 48. Re7+ Kf6 49. Nh5+ Kxe7 50. Nxf4 Rf2+ 51. Kg1 Rxf4 52. Kg2 Rxb4 0-1


[Site "https://www.chess.com"]

[Event "Titled Tuesday Blitz July 25 Early 2023"]
[White "Michalczak, Thomas"]
[Black "Putnam, Liam"]
[WhiteFideId "4622634"]
[BlackFideId "30938279"]
[WhiteElo "2469"]
[BlackElo "2808"]
[Result "1/2-1/2"]
[Round "3"]
[TimeControl "180+2"]
[Date "2023.07.25"]
[WhiteClock "0:01:14"]
[BlackClock "0:00:47"]
[Board "83"]

1. e4 c5 2. c3 Nf6 3. e5 Nd5 4. Nf3 d6 5. d4 cxd4 6. Bc4 Nb6 7. Bb3 Nc6 8. exd6 Qxd6 9. O-O Be6 10. Na3 Bxb3 11. Qxb3 Qd5 12. Nb5 O-O-O 13. Nxa7+ Nxa7 14. Qxb6 Nc6 15. Nxd4 Nxd4 16. cxd4 Qxd4 17. Qa5 Qd5 18. Qa8+ Kd7 19. Qa4+ Qc6 20. Rd1+ Ke8 21. Rxd8+ Kxd8 22. Qa8+ Qc8 23. Qa5+ Qc7 24. Qa8+ Qc8 25. Qa5+ Qc7 26. Qa8+ Qc8 1/2-1/2


[Site "https://www.chess.com"]

[Event "Titled Tuesday Blitz July 25 Early 2023"]
[White "Ladan, Nicholas"]
[Black "Kushko, Dmitriy"]
[WhiteFideId "30918855"]
[BlackFideId "14162261"]
[WhiteElo "2469"]
[BlackElo "2804"]
[Result "0-1"]
[Round "3"]
[TimeControl "180+2"]
[Date "2023.07.25"]
[WhiteClock "0:00:07"]
[BlackClock "0:00:20"]
[Board "84"]

1. Nf3 d5 2. b3 Bf5 3. Bb2 e6 4. g3 h6 5. Bg2 Nf6 6. O-O c6 7. d3 Nbd7 8. Nbd2 Be7 9. Re1 O-O 10. e4 Bh7 11. Qe2 a5 12. a3 Qb6 13. h3 Qa6 14. Nh2 Rfd8 15. Ng4 Qb6 16. Nxf6+ Bxf6 17. Rab1 Qc5 18. e5 Be7 19. Nf1 b5 20. Ne3 Qb6 21. Ng4 Bc5 22. Bc1 b4 23. a4 Bd4 24. Qf3 Bf5 25. Bxh6 Bxf2+ 26. Qxf2 Qxf2+ 27. Kxf2 Bxg4 28. Bf4 Bf5 29. g4 Bh7 30. h4 c5 31. Ke3 Rac8 32. h5 c4 33. bxc4 dxc4 34. h6 cxd3 35. cxd3 Rc3 36. Rbd1 Nc5 37. hxg7 Nxd3 38. Ke2 Nxf4+ 39. Kf2 Rxd1 40. Rxd1 Rc2+ 41. Kf3 Nxg2 42. g5 Kxg7 43. Rd7 Nh4+ 44. Kg4 Ng6 45. Ra7 Nxe5+ 46. Kh5 Bg6+ 47. Kh4 Rc4+ 48. Kh3 Rc5 49. Ra6 Nc4 50. Kh4 b3 51. Ra8 b2 52. Rb8 Rd5 53. Kg4 b1=Q 54. Rxb1 Bxb1 55. Kh5 Rxg5+ 56. Kxg5 Nb6 57. Kf4 Nxa4 58. Ke5 Nb6 59. Kd6 Nd5 60. Kd7 a4 61. Ke8 a3 62. Kd7 a2 63. Kd6 a1=Q 64. Kc5 e5 65. Kxd5 Qd4+ 66. Kc6 e4 67. Kb7 e3 0-1


[Site "https://www.chess.com"]

[Event "Titled Tuesday Blitz July 25 Early 2023"]
[White "Samunenkov, Ihor"]
[Black "Kopczynski, Michal"]
[WhiteFideId "14187086"]
[BlackFideId "1124200"]
[WhiteElo "2802"]
[BlackElo "2468"]
[Result "1-0"]
[Round "3"]
[TimeControl "180+2"]
[Date "2023.07.25"]
[WhiteClock "0:00:18"]
[BlackClock "0:00:03"]
[Board "85"]

1. e4 c5 2. Nf3 d6 3. d4 cxd4 4. Nxd4 Nf6 5. Nc3 g6 6. Be3 Bg7 7. f3 O-O 8. Qd2 Nc6 9. O-O-O d5 10. exd5 Nxd5 11. Nxc6 bxc6 12. Bd4 e5 13. Bc5 Be6 14. Ne4 Re8 15. h4 h6 16. h5 g5 17. g4 Nf4 18. Qxd8 Rexd8 19. Ba6 Bd5 20. Rhe1 Ne6 21. Bf2 Nd4 22. Rd3 Rab8 23. c3 Rb6 24. cxd4 Rxa6 25. dxe5 Rxa2 26. Kb1 Bxe4 27. Rxe4 Rxb2+ 28. Kxb2 Rxd3 29. Bxa7 Rxf3 30. Kc2 Kf8 31. Bc5+ Ke8 32. e6 f5 33. Rc4 fxg4 34. Kd2 g3 35. Ra4 Bf8 36. Ra8# 1-0


[Site "https://www.chess.com"]

[Event "Titled Tuesday Blitz July 25 Early 2023"]
[White "Fiorito, Joaquin"]
[Black "ExchangeAB"]
[WhiteFideId "180173"]
[WhiteElo "2782"]
[BlackElo "2465"]
[Result "1-0"]
[Round "3"]
[TimeControl "180+2"]
[Date "2023.07.25"]
[WhiteClock "0:00:33"]
[BlackClock "0:00:09"]
[Board "86"]

1. d4 Nf6 2. c4 c6 3. Nc3 d5 4. Nf3 e6 5. Bg5 Nbd7 6. e3 Qa5 7. cxd5 exd5 8. Nd2 Bd6 9. Bd3 h6 10. Bh4 O-O 11. O-O Qd8 12. Nf3 Qe8 13. Qc2 Bb4 14. Rae1 Bxc3 15. bxc3 Ne4 16. Nd2 f5 17. f3 Nxd2 18. Qxd2 Nf6 19. Qc2 Qh5 20. Bg3 Bd7 21. a4 b5 22. Bd6 Rf7 23. axb5 cxb5 24. Qb3 a6 25. Be5 Bc6 26. Ra1 Nd7 27. Bc7 Nc5 28. dxc5 Rxc7 29. Qb4 Qf7 30. Ra5 Qe6 31. Qf4 Re7 32. Re1 Rf7 33. Rea1 g5 34. Qd4 Bb7 35. Bxb5 Re7 36. Kf2 f4 37. c6 fxe3+ 38. Ke1 Bxc6 39. Rxa6 Rxa6 40. Rxa6 Bxb5 41. Rxe6 Rxe6 42. Qxd5 1-0


[Site "https://www.chess.com"]

[Event "Titled Tuesday Blitz July 25 Early 2023"]
[White "Pasti, Aron"]
[Black "Tristan, Leonardo"]
[WhiteFideId "785857"]
[BlackFideId "113816"]
[WhiteElo "2458"]
[BlackElo "2768"]
[Result "0-1"]
[Round "3"]
[TimeControl "180+2"]
[Date "2023.07.25"]
[WhiteClock "0:00:05"]
[BlackClock "0:00:12"]
[Board "88"]

1. e4 d5 2. exd5 Qxd5 3. Nc3 Qa5 4. Bc4 Nf6 5. d3 Bg4 6. f3 Bd7 7. Bd2 Qb6 8. Nge2 e6 9. d4 Be7 10. O-O O-O 11. Kh1 Na6 12. Ne4 c5 13. Bg5 cxd4 14. Bxa6 Qxa6 15. Bxf6 gxf6 16. Qxd4 Rfd8 17. N2c3 Bb5 18. Nxf6+ Bxf6 19. Qxf6 Bxf1 20. Qg5+ Kf8 21. Qh6+ Ke8 22. Qxh7 Rd2 23. Qg8+ Kd7 24. Qxf7+ Kc8 25. Qg8+ Rd8 26. Qg5 Bc4 27. Qc5+ Qc6 28. Qe5 a5 29. Ne4 Bd5 30. Nf6 a4 31. Rd1 Ra5 32. c4 Qxc4 33. Qe3 Rc5 34. Nxd5 Rdxd5 35. Qxe6+ Kc7 36. Re1 Rd7 37. h3 Qxe6 38. Rxe6 Rd2 39. g4 Rc1+ 0-1


[Site "https://www.chess.com"]

[Event "Titled Tuesday Blitz July 25 Early 2023"]
[White "Priasmoro, Novendra"]
[Black "Rakitic2010"]
[WhiteFideId "7105029"]
[WhiteElo "2766"]
[BlackElo "2457"]
[Result "1-0"]
[Round "3"]
[TimeControl "180+2"]
[Date "2023.07.25"]
[WhiteClock "0:00:38"]
[BlackClock "0:00:11"]
[Board "89"]

1. e4 Nf6 2. e5 Nd5 3. d4 d6 4. c4 Nb6 5. exd6 cxd6 6. Nc3 g6 7. Be3 Bg7 8. Rc1 O-O 9. b3 e5 10. dxe5 dxe5 11. c5 N6d7 12. Nf3 Nc6 13. Bc4 Qa5 14. O-O Nxc5 15. Ng5 Be6 16. Bxc5 Rfd8 17. Qe2 Qxc5 18. Bxe6 fxe6 19. Nxe6 Qe7 20. Nxd8 Rxd8 21. Ne4 Nd4 22. Qc4+ Kh8 23. Rfe1 Qh4 24. h3 Rf8 25. Rc3 Qf4 26. Rce3 b5 27. Qc7 Rf7 28. Qc8+ Rf8 29. Qc5 Ne6 30. Qxa7 Nd4 31. Qc5 Ne6 32. Qxb5 Nd4 33. Qc5 Ne6 34. Qc4 Nd4 35. a4 g5 36. a5 g4 37. a6 Rg8 38. a7 gxh3 39. Qxg8+ Kxg8 40. a8=Q+ Kf7 41. Rxh3 Qg4 42. Qd5+ Kg6 43. Rg3 Qxg3 44. fxg3 1-0


[Site "https://www.chess.com"]

[Event "Titled Tuesday Blitz July 25 Early 2023"]
[White "Lopez, Henry"]
[Black "chessking0310"]
[WhiteFideId "5203830"]
[WhiteElo "2457"]
[BlackElo "2761"]
[Result "0-1"]
[Round "3"]
[TimeControl "180+2"]
[Date "2023.07.25"]
[WhiteClock "0:00:01"]
[BlackClock "0:00:21"]
[Board "90"]

1. d4 d5 2. Nf3 Nf6 3. c4 e6 4. Nc3 Be7 5. Bg5 O-O 6. e3 h6 7. Bh4 b6 8. cxd5 Nxd5 9. Bg3 Bb7 10. Bd3 Nd7 11. O-O c5 12. Nxd5 Bxd5 13. Qe2 Nf6 14. dxc5 Bxc5 15. e4 Bb7 16. Rfd1 Qe7 17. a3 a5 18. Be5 Rfd8 19. Bc3 Nh5 20. g3 Nf6 21. Bc2 Ng4 22. Nd4 Nxf2 23. Qxf2 e5 24. b4 axb4 25. axb4 Rxa1 26. Bxa1 Bxd4 27. Bxd4 exd4 28. Rxd4 Rc8 29. Bb3 Rc1+ 30. Kg2 Bxe4+ 31. Kh3 Bg6 32. Qd2 Rc8 33. Rd6 Kh7 34. Rxb6 Qe5 35. Bd1 Rc4 36. Rd6 Bf5+ 37. Kg2 Be4+ 38. Kg1 Bg6 39. Rd8 Qf6 40. Rd6 Qa1 41. b5 Rc1 42. Kf2 Rb1 43. Kg1 Rxb5 44. Qd4 Qc1 45. h4 Rb1 46. Kf2 Rb2+ 47. Kg1 Rb5 48. Kf2 Qc7 0-1


[Site "https://www.chess.com"]

[Event "Titled Tuesday Blitz July 25 Early 2023"]
[White "Urbina Perez, Juan Antonio"]
[Black "Prohaszka, Peter"]
[WhiteFideId "2217368"]
[BlackFideId "726265"]
[WhiteElo "2456"]
[BlackElo "2752"]
[Result "1-0"]
[Round "3"]
[TimeControl "180+2"]
[Date "2023.07.25"]
[WhiteClock "0:00:10"]
[BlackClock "0:00:01"]
[Board "91"]

1. e4 c6 2. d4 d5 3. Nd2 dxe4 4. Nxe4 Bf5 5. Ng3 Bg6 6. Nh3 e6 7. Nf4 Qh4 8. c3 Bd6 9. Qf3 Nf6 10. Bc4 Nbd7 11. Bd2 e5 12. Nxg6 hxg6 13. Be3 e4 14. Qe2 Nb6 15. O-O-O Nxc4 16. Qxc4 Nd5 17. Qe2 O-O-O 18. c4 Nxe3 19. fxe3 Bxg3 20. hxg3 Qxg3 21. Rdf1 f5 22. Kd2 Qc7 23. Kc2 Rh2 24. Rxh2 Qxh2 25. a3 Rh8 26. Kb1 Qg3 27. d5 c5 28. Rd1 Rh2 29. Rd2 Rh1+ 30. Ka2 Qe1 31. Qf2 Qxf2 32. Rxf2 Re1 33. g4 Rxe3 34. gxf5 Rf3 35. Rg2 gxf5 36. Rxg7 f4 37. d6 Rd3 38. Rc7+ Kd8 39. Rxc5 Rxd6 40. Re5 e3 41. Re4 Rd1 42. Kb3 Rf1 43. Kc2 Rf2+ 44. Kd3 Kd7 45. b4 Kd6 46. Re8 Rd2+ 47. Kc3 Rf2 48. Kd3 Rf1 49. a4 Kd7 50. Re4 b6 51. Re5 Kd6 52. Re8 a5 53. c5+ bxc5 54. bxa5 Kc7 55. Re6 Kb7 56. Re5 Rf2 57. Re6 1-0


[Site "https://www.chess.com"]

[Event "Titled Tuesday Blitz July 25 Early 2023"]
[White "Rozman, Levy"]
[Black "Tanmay Jain"]
[WhiteFideId "2039877"]
[BlackFideId "45015481"]
[WhiteElo "2752"]
[BlackElo "2453"]
[Result "1-0"]
[Round "3"]
[TimeControl "180+2"]
[Date "2023.07.25"]
[WhiteClock "0:01:15"]
[BlackClock "0:01:25"]
[Board "92"]

1. e4 c5 2. Nc3 d6 3. d4 cxd4 4. Qxd4 Nc6 5. Qd2 Nf6 6. b3 g6 7. Bb2 Bg7 8. O-O-O O-O 9. f3 a5 10. a4 Nb4 11. Kb1 Be6 12. Nge2 Rc8 13. Nd4 Bd7 14. g4 Qc7 15. h4 h5 16. gxh5 Nxh5 17. Rg1 Qc5 18. Bc4 Bxd4 19. Rxg6+ Bg7 20. Qh6 Qxc4 21. Rxg7+ 1-0


[Site "https://www.chess.com"]

[Event "Titled Tuesday Blitz July 25 Early 2023"]
[White "Liu, Casper"]
[Black "Schmakel, Sam"]
[WhiteFideId "1454153"]
[BlackFideId "2039311"]
[WhiteElo "2451"]
[BlackElo "2738"]
[Result "0-1"]
[Round "3"]
[TimeControl "180+2"]
[Date "2023.07.25"]
[WhiteClock "0:03:05"]
[BlackClock "0:02:50"]
[Board "93"]

1. e4 e5 2. d4 exd4 3. Qxd4 Nc6 4. Qe3 Nf6 5. Nc3 Bb4 6. Bd2 O-O 7. O-O-O Re8 8. Qf4 Bxc3 9. Bxc3 Nxe4 10. Qg3 Nxg3 0-1


[Site "https://www.chess.com"]

[Event "Titled Tuesday Blitz July 25 Early 2023"]
[White "Matinian, Nikita"]
[Black "Herzog2012"]
[WhiteFideId "24129100"]
[WhiteElo "2735"]
[BlackElo "2450"]
[Result "1-0"]
[Round "3"]
[TimeControl "180+2"]
[Date "2023.07.25"]
[WhiteClock "0:01:03"]
[BlackClock "0:00:13"]
[Board "94"]

1. e4 c5 2. Nf3 Nc6 3. Bb5 g6 4. O-O Bg7 5. d3 e5 6. a3 Nge7 7. b4 cxb4 8. axb4 O-O 9. c3 d5 10. Nbd2 a6 11. Re1 Rb8 12. Bxc6 Nxc6 13. Bb2 f6 14. exd5 Qxd5 15. Ne4 Rd8 16. Nc5 a5 17. Qa4 b5 18. Qa3 axb4 19. cxb4 Bg4 20. Nd2 Ne7 21. d4 Ra8 22. Qg3 f5 23. Rxa8 Qxa8 24. h3 Bh5 25. Ne6 1-0


[Site "https://www.chess.com"]

[Event "Titled Tuesday Blitz July 25 Early 2023"]
[White "Mayank Chakraborty"]
[Black "whiteglovethief"]
[WhiteFideId "25659766"]
[WhiteElo "2722"]
[BlackElo "2450"]
[Result "1-0"]
[Round "3"]
[TimeControl "180+2"]
[Date "2023.07.25"]
[WhiteClock "0:00:02"]
[BlackClock "0:00:24"]
[Board "95"]

1. e4 d5 2. exd5 Qxd5 3. Nc3 Qa5 4. d4 Nf6 5. Nf3 Bg4 6. Be2 Nc6 7. h3 Bh5 8. O-O O-O-O 9. Ng5 Bg6 10. Bd3 Nxd4 11. Bxg6 Ne6 12. Qf3 Nxg5 13. Bf5+ Ne6 14. Be3 Kb8 15. Bxe6 fxe6 16. b4 Qf5 17. Qe2 g5 18. f3 Nd5 19. Ne4 Bg7 20. Rad1 Nf4 21. Qf2 b6 22. Rfe1 Be5 23. Ng3 Qf6 24. Ne4 Qg7 25. a4 h5 26. a5 g4 27. axb6 axb6 28. fxg4 hxg4 29. Bxf4 Bxf4 30. Qxf4 gxh3 31. g4 Rd4 32. c3 Rd5 33. Kh2 Rhd8 34. Nf2 Qxc3 35. Rxd5 Rxd5 36. Rxe6 Rd4 37. Qe5 Qxb4 38. Rxe7 Rd2 39. Qxc7+ 1-0


[Site "https://www.chess.com"]

[Event "Titled Tuesday Blitz July 25 Early 2023"]
[White "Devaev, Alexander"]
[Black "Goltsev, Dmitry"]
[WhiteFideId "4169395"]
[BlackFideId "24176710"]
[WhiteElo "2447"]
[BlackElo "2720"]
[Result "0-1"]
[Round "3"]
[TimeControl "180+2"]
[Date "2023.07.25"]
[WhiteClock "0:00:17"]
[BlackClock "0:01:08"]
[Board "96"]

1. d4 Nf6 2. c4 e6 3. Nf3 Bb4+ 4. Bd2 Be7 5. Nc3 b6 6. Qc2 Bb7 7. e4 d6 8. Bd3 Nc6 9. a3 e5 10. d5 Nb8 11. h3 a5 12. b3 Na6 13. Qd1 Nc5 14. Bc2 O-O 15. b4 axb4 16. axb4 Rxa1 17. Qxa1 Na6 18. Qb2 Nh5 19. Bd3 Nf4 20. Bf1 f5 21. g3 fxe4 22. Nxe4 Nxd5 23. Qb1 Ndxb4 24. Neg5 e4 25. Nxe4 Rxf3 26. Bg2 Bxe4 27. Qxe4 Nd3+ 28. Ke2 Rxf2+ 29. Kd1 Nac5 30. Qd5+ Kh8 31. Be3 Ra2 32. Rf1 Qe8 33. Bd4 Qa4# 0-1


[Site "https://www.chess.com"]

[Event "Titled Tuesday Blitz July 25 Early 2023"]
[White "Itkis, Boris"]
[Black "Kuznetsov, Felix"]
[WhiteFideId "1209167"]
[BlackFideId "34147990"]
[WhiteElo "2445"]
[BlackElo "2712"]
[Result "1/2-1/2"]
[Round "3"]
[TimeControl "180+2"]
[Date "2023.07.25"]
[WhiteClock "0:00:08"]
[BlackClock "0:00:09"]
[Board "97"]

1. c4 Nf6 2. Nf3 e6 3. e3 b6 4. b3 Bb7 5. Bb2 Be7 6. g3 O-O 7. Bg2 c5 8. O-O d6 9. d4 cxd4 10. Nxd4 Bxg2 11. Kxg2 Qc7 12. Qf3 Nbd7 13. Nc3 Ne5 14. Qe2 Qb7+ 15. Kg1 a6 16. f4 Nc6 17. Rad1 Nxd4 18. Rxd4 Rac8 19. Rfd1 Rfd8 20. Qg2 Qc7 21. Ba3 d5 22. Bxe7 Qxe7 23. Qd2 Qc7 24. e4 b5 25. exd5 Qb6 26. dxe6 fxe6 27. Qf2 Rxd4 28. Qxd4 Qc7 29. Qe5 Qb6+ 30. Qd4 Qc7 31. Ne4 Nxe4 32. Qxe4 Qb6+ 33. Qd4 Qc6 34. cxb5 axb5 35. Re1 h5 36. Qe4 Qc5+ 37. Kg2 Rc6 38. Qe5 Qxe5 39. Rxe5 Rc2+ 40. Kh3 Rxa2 41. Rxb5 g6 42. Rb7 Kf8 43. b4 Rb2 44. b5 Kg8 45. Kh4 Rxh2+ 46. Kg5 Rg2 47. Kxg6 Rxg3+ 48. Kxh5 Kf8 49. b6 Rb3 50. Kg5 Rb4 51. Kf6 Rxf4+ 52. Kxe6 Rb4 53. Rb8+ Kg7 54. b7 Rb1 55. Kd6 Rd1+ 56. Kc5 Rc1+ 57. Kb4 Rb1+ 58. Kc3 Rb6 59. Kc4 Rb1 60. Kc5 Kh7 61. Kd6 Rd1+ 62. Kc7 Rc1+ 63. Kd8 Rd1+ 64. Kc8 Rc1+ 65. Kd7 Rd1+ 66. Kc6 Rc1+ 67. Kb6 Rb1+ 68. Ka5 Kg7 69. Ka6 Ra1+ 70. Kb6 Rb1+ 71. Ka6 Ra1+ 72. Kb6 Rb1+ 73. Ka6 1/2-1/2


[Site "https://www.chess.com"]

[Event "Titled Tuesday Blitz July 25 Early 2023"]
[White "Zheenbekov, Nurgazy"]
[Black "Jaracz, Pawel"]
[WhiteFideId "13800485"]
[BlackFideId "1102222"]
[WhiteElo "2445"]
[BlackElo "2704"]
[Result "0-1"]
[Round "3"]
[TimeControl "180+2"]
[Date "2023.07.25"]
[WhiteClock "0:01:07"]
[BlackClock "0:01:55"]
[Board "98"]

1. e4 c6 2. d4 d5 3. exd5 cxd5 4. Bd3 Nc6 5. c3 Qc7 6. h3 g6 7. Nf3 Bf5 8. Be2 e6 9. O-O Bd6 10. Re1 Nge7 11. Nbd2 h5 12. Nf1 O-O-O 13. b4 f6 14. N1d2 g5 15. b5 Na5 16. Nb3 Nc4 17. Bd3 g4 18. Bxf5 Nxf5 19. Nfd2 gxh3 20. gxh3 Rdg8+ 21. Kh1 Bg3 22. Rf1 Bxf2 23. Rxf2 Ng3+ 24. Kg2 Ne3+ 0-1


[Site "https://www.chess.com"]

[Event "Titled Tuesday Blitz July 25 Early 2023"]
[White "Bendayan Claros, Aaron"]
[Black "Koellner, Ruben Gideon"]
[WhiteFideId "3803392"]
[BlackFideId "12993093"]
[WhiteElo "2443"]
[BlackElo "2702"]
[Result "0-1"]
[Round "3"]
[TimeControl "180+2"]
[Date "2023.07.25"]
[WhiteClock "0:00:02"]
[BlackClock "0:00:03"]
[Board "99"]

1. d4 d6 2. Nf3 Nf6 3. Nbd2 Nbd7 4. e4 e5 5. c3 Be7 6. Be2 O-O 7. O-O c6 8. Re1 Qc7 9. Bd3 Re8 10. Nf1 Nf8 11. h3 Ng6 12. Ng3 Bf8 13. Bf1 Bd7 14. a4 Rad8 15. a5 Bc8 16. Bg5 Be7 17. Qd2 h6 18. Be3 Bf8 19. Qc2 b6 20. axb6 axb6 21. Ra8 d5 22. dxe5 Nxe4 23. Rea1 Nxg3 24. fxg3 Nxe5 25. Nxe5 Qxe5 26. Bf4 Qf6 27. R8a7 Bf5 28. Bd3 Bxd3 29. Qxd3 Bc5+ 30. Kh2 Re6 31. Rf1 Qg6 32. Qf3 Rde8 33. b4 Be7 34. b5 Qe4 35. bxc6 Qxf3 36. Rxf3 Rxc6 37. Rd3 Bf6 38. Rxd5 Bxc3 39. Rb7 Rf6 40. h4 Bb4 41. Rd3 Bc5 42. Rdd7 Rf8 43. Kh3 Re6 44. Kg4 Rg6+ 45. Kh3 Rf6 46. Rdc7 Kh7 47. Rd7 Kg6 48. Kg4 h5+ 49. Kh3 Re8 50. Bg5 Rf1 51. Kh2 Ree1 52. g4 hxg4 53. Rbc7 Bg1+ 54. Kg3 Re4 0-1


[Site "https://www.chess.com"]